 Dungeon Crawl Stone Soup version 0.31.0-11-ge490571c62 (webtiles) character file.

Game seed: 4745790303221138286

92124 ProzacElf the Brawler (level 15, -13/222 HPs)
             Began as a Troll Shapeshifter on Jan 29, 2024.
             Was the Champion of Fedhas.
             Shot with an arrow by a centaur warrior (17 damage)
             ... on level 13 of the Dungeon.
             The game lasted 00:46:49 (17347 turns).

ProzacElf the Brawler (Troll Shapeshifter)         Turns: 17347, Time: 00:46:49

Health: -13/222    AC: 31    Str: 26    XL:     15   Next: 57%
Magic:  21/21      EV:  1    Int:  6    God:    Fedhas [******]
Gold:   2114       SH:  0    Dex: 21    Spells: 14/14 levels left

rFire   . .          .
                       - Unarmed
rCold   . . .        (no shield)
rNeg    . . .        S - melded +3 troll leather armour
rPois   +            (helmet currently unavailable)
rElec   .            (cloak currently unavailable)
rCorr   .            (gloves unavailable)
SInv    .            (boots unavailable)
Will    ++...        h - amulet of regeneration
Stlth   ++           X - ring "Wedah" {Will+ Dex+6}
HPRegen 2.17/turn    z - +4 ring of protection {=R}
MPRegen 0.17/turn

%: no passive effects
@: tree-form, studying Alchemy
A: stationary, stasis, torment immunity, boosted hp, large, unfitting armour,
(claws 3), regeneration 1, (shaggy fur 1), (tough skin 1)
a: Renounce Religion, Wall of Briars, Grow Ballistomycete, Overgrow, Grow Oklob


You were on level 13 of the Dungeon.
You worshipped Fedhas.
Fedhas was exalted by your worship.
You were a tree.
You visited 4 branches of the dungeon, and saw 21 of its levels.
You also visited: Bailey.

You collected 2360 gold pieces.
You spent 246 gold pieces at shops.

Inventory:

Hand Weapons
 b - a +0 demon whip of venom
 E - a +1 giant spiked club of freezing
Missiles
 f - 36 poisoned darts
 r - 6 silver javelins
 B - 20 large rocks (quivered)
 N - 2 throwing nets
 Z - 12 javelins
Armour
 a - a +2 hat
 Q - a +2 cloak of preservation
 S - a +3 troll leather armour (melded)
Jewellery
 h - an amulet of regeneration (around neck)
 l - a +5 ring of evasion
 s - a ring of ice
 z - a +4 ring of protection (right branch) {=R}
 U - the ring of Qecli {rElec rC+ rN+ Will- Slay+5}
   (You found it on level 10 of the Dungeon)

   [ring of positive energy]

   Slay+5:    It affects your accuracy & damage with ranged weapons and melee
   (+5).
   rC+:       It protects you from cold.
   rElec:     It insulates you from electricity.
   rN+:       It protects you from negative energy.
   Will-:     It decreases your willpower.
 X - the ring "Wedah" (left branch) {Will+ Dex+6}
   (You took it off an orc priest on level 9 of the Dungeon)

   [ring of dexterity]

   Dex+6:     It affects your dexterity (+6).
   Will+:     It increases your willpower.
 Y - a ring of positive energy
Talismans
 c - a beast talisman
 d - a flux talisman
 t - a blade talisman
 C - a maw talisman
Wands
 m - a wand of digging (1)
 K - a wand of light (10)
 M - a wand of charming (24)
 O - a wand of flame (30)
 P - a wand of roots (16)
 T - a wand of mindburst (7)
Scrolls
 j - 5 scrolls of teleportation
 o - a scroll of blinking
 q - 2 scrolls of fog
 x - a scroll of butterflies
 y - 3 scrolls of identify
 A - 4 scrolls of vulnerability
 D - a scroll of enchant armour
 I - a scroll of revelation
 J - 2 scrolls of torment
 W - 3 scrolls of silence
Potions
 e - 2 potions of mutation
 g - 5 potions of curing
 i - 4 potions of enlightenment
 k - 3 potions of attraction
 n - a potion of cancellation
 p - 3 potions of ambrosia {!e}
 u - 6 potions of magic
 v - 6 potions of resistance
 w - 3 potions of brilliance
 F - 2 potions of haste
 H - 11 potions of might
 L - a potion of lignification
Miscellaneous
 V - a box of beasts


   Skills:
 + Level 9.5 Fighting
 - Level 11.0 Throwing
 - Level 5.0 Dodging
 - Level 15.0 Unarmed Combat
 - Level 10.0 Invocations
 + Level 8.6 Evocations
 - Level 8.4 Shapeshifting


You had 14 spell levels left.
You didn't know any spells.
Your spell library contained the following spells:

 Spells                   Type           Power      Damage    Failure   Level
 Foxfire                  Conj/Fire      0%         2x1d4     45%         1
 Kiss of Death            Conj/Necr      0%         2d5       45%         1
 Magic Dart               Conj           0%         1d3       45%         1
 Necrotise                Necr           0%         1d4       45%         1
 Sting                    Conj/Alch      0%         1d3       45%         1
 Blink                    Tloc           0%         N/A       58%         2
 Call Imp                 Summ           0%         N/A       58%         2
 Ensorcelled Hibernation  Hex/Ice        0%         N/A       58%         2
 Mercury Vapours          Alch/Air       0%         N/A       58%         2
 Sublimation of Blood     Necr           0%         N/A       58%         2
 Call Canine Familiar     Summ           0%         N/A       83%         3
 Confusing Touch          Hex            0%         N/A       83%         3
 Fugue of the Fallen      Necr           0%         N/A       83%         3
 Hailstorm                Conj/Ice       0%         3d5       83%         3
 Mephitic Cloud           Conj/Alch/Air  0%         N/A       83%         3
 Passwall                 Erth           0%         N/A       83%         3
 Sigil of Binding         Hex            0%         N/A       83%         3
 Stone Arrow              Conj/Erth      0%         3d7       83%         3
 Summon Ice Beast         Ice/Summ       0%         N/A       83%         3
 Swiftness                Air            0%         N/A       83%         3
 Vampiric Draining        Necr           0%         2d6       83%         3
 Anguish                  Hex/Necr       0%         N/A       99%         4
 Animate Armour           Summ/Erth      0%         N/A       99%         4
 Animate Dead             Necr           0%         N/A       99%         4
 Cause Fear               Hex            0%         N/A       99%         4
 Dimensional Bullseye     Hex/Tloc       0%         N/A       99%         4
 Dispel Undead            Necr           0%         3d6       99%         4
 Martyr's Knell           Necr/Summ      0%         N/A       99%         4
 Olgreb's Toxic Radiance  Alch           0%         N/A       99%         4
 Alistair's Intoxication  Alch           0%         N/A       100%        5
 Borgnjor's Vile Clutch   Necr/Erth      0%         N/A       100%        5
 Curse of Agony           Necr           0%         N/A       100%        5
 Freezing Cloud           Conj/Ice/Air   0%         6-21      100%        5
 Summon Forest            Summ/Tloc      0%         N/A       100%        5
 Summon Mana Viper        Hex/Summ       0%         N/A       100%        5
 Eringya's Noxious Bog    Alch           0%         4d6       100%        6
 Plasma Beam              Fire/Air       0%         2x1d10    100%        6
 Sculpt Simulacrum        Ice/Alch       0%         N/A       100%        6
 Starburst                Conj/Fire      0%         6d3       100%        6
 Summon Cactus Giant      Summ           0%         N/A       100%        6
 Enfeeble                 Hex            0%         N/A       100%        7
 Haunt                    Necr/Summ      0%         N/A       100%        7
 Summon Hydra             Summ           0%         N/A       100%        7
 Infestation              Necr           0%         N/A       100%        8
 Lehudib's Crystal Spear  Conj/Erth      0%         10d2      100%        8


Dungeon Overview and Level Annotations

Branches:
Dungeon (13/15)            Temple (1/1) D:7            Lair (5/5) D:11
  Swamp (0/4) Lair:3        Snake (0/4) Lair:3        Slime (0/5) Lair:4
    Orc (2/2) D:11            Elf (0/3) Orc:2        Vaults (0/5) D:13
 Bailey (visited)

Altars:
Ashenzari
Cheibriados
Dithmenos
Elyvilon
Fedhas
Gozag
Hepliaklqana
Kikubaaqudgha
Makhleb
Nemelex Xobeh
Okawaru
Qazlal
Ru
Sif Muna
Trog
Uskayaw
Vehumet
Wu Jian
Xom
Yredelemnul
Zin
The Shining One
Lugonu

Shops:
D:2 :   D:4 ![?   D:6 *   D:11 *   Orc:1 :   Orc:2 [??[*

Portals:
Abyss: Lair:5
Trove: D:10 (give 13 scrolls of teleportation)

Annotations:
D:3 dig for loot
Lair:2 1 runed translucent door, Rupert


Innate Abilities, Weirdness & Mutations

You are a tree.
Your roots penetrate the ground, keeping you stationary.
You cannot be teleported.
You are immune to unholy pain and torment.
Your maximum health is greatly increased.
Your equipment is partially melded.
You are too large for most types of armour.
((You have claws for hands.))
Your natural rate of healing is unusually fast.
((You are covered in fur. (AC +1)))
((You have tough skin. (AC +1)))


Message History

Tha vampire knight hits ye wit' a +0 great sword!
* * * LOW HITPOINT WARNIN'
* * * Tha vampire knight bites ye but does nay damage.
Ye now haf 30/222hp.
Ye smack tha vampire knight!
Tha vampire knight be severely damaged.
Tha vampire knight mumbles some strange words.
Tha vampire knight flickers an' vanishes!
Deactivatin' autopickup; reactivate wit' Ctrl-A.
Ye cannae move.
Ye cannae move.
Ye cannae move.
Ye cannae move.
Ye pummel somethin'!!
Ye hear some strange, mumbled words.
Somethin' tries ta affect ye, but ye resist.
Ye regain'd 2 hp, an' now haf 33/222 hp.
Ye closely miss somethin'.
Ye punch somethin'.
Somethin' draws life force from ye!
* * * LOW HITPOINT WARNIN'
* * * Ye take 14 damage, an' haf 19/222 hp.
Ye hit somethin' but do nay damage.
Somethin' hits ye.
* * * LOW HITPOINT WARNIN'
* * * Somethin' bites ye.
* * * LOW HITPOINT WARNIN'
* * * Somethin' draws str'ngth from yer injuries!
Ye take 7 damage, an' haf 12/222 hp.
Ye hit somethin' but do nay damage.
Yer punch misses somethin'.
A centaur warrior comes inta view.
Somethin' hits ye but does nay damage.
Somethin' bites ye.
* * * LOW HITPOINT WARNIN'
* * * Somethin' draws str'ngth from yer injuries!
Ye barely miss somethin'.
Tha centaur warrior shouts!
Ye hear a shout! x3
Somethin' draws life force from ye!
* * * LOW HITPOINT WARNIN'
* * * Tha centaur warrior wields a +5 orcbow.
Tha centaur warrior shoots an arrow.
Tha arrow hits ye!
Ye die...
Fedhas appreciates yer contribution ta tha ecosystem.

.>....######..............# #.
.<............ .........# #.
......######.# #........# #.
......# #.# #........# #. ......#
#.# #........# #. ......# #.#
#..c.....# #. ......# #.#
#........# #.
......######.#####........######.
................♣{...............
#####.#####.######.######........
#.# #.# #.# #........ #.# #.# #.#
#.[...... #.# #.# #[# #........
#.# #.# #.# #........ #.# #.# #.#
#........ ### ### ### ########.
##


You could see a centaur warrior.

Vanquished Creatures
  4 hydras
  A vault guard (D:10)
  Erolcha (D:11)
  An ogre mage (Orc:2)
  A centaur warrior (D:9)
  15 two-headed ogres
  A catoblepas (Lair:2)
  5 boulder beetles
  3 thrashing horrors (Lair:5)
  5 death yaks
  Urug (D:13)
  Nergalle (Lair:2)
  2 skysharks
  Amaemon (Lair:1)
  Lodul (D:11)
  2 deep trolls (Orc:2)
  Pikel (D:7)
  2 orc knights
  2 deep elf pyromancers
  2 deep elf zephyrmancers (D:9)
  An orc sorcerer (D:9)
  2 manticores
  3 ugly things
  3 cyclopes
  20 elephants
  2 gargoyles
  5 smoke demons (Lair:5)
  A torpor snail (Lair:5)
  6 black mambas
  9 cane toads
  An orange demon (Lair:1)
  An unseen horror (shapeshifter) (Lair:5)
  6 komodo dragons
  3 rime drakes
  A freezing wraith (D:9)
  Psyche (D:11)
  14 trolls
  A troll (shapeshifter) (D:9)
  2 polar bears (Lair:5)
  A hornet (shapeshifter) (Lair:5)
  A hornet (D:10)
  2 raiju (Lair:5)
  21 blink frogs
  3 slime creatures (D:13)
  4 shadows
  A spriggan (Lair:5)
  2 vampires
  2 ynoxinuls (Lair:5)
  A yak (shapeshifter) (D:13)
  6 wyverns
  20 yaks
  3 humans
  Grum (Lair:1)
  2 steam dragons
  3 wargs (Orc:2)
  5 vampire mosquitoes
  9 basilisks
  9 small abominations (Lair:5)
  4 acid dragons
  16 water moccasins
  3 black bears
  22 orc warriors
  29 ogres
  19 wolves
  6 centaurs
  A phantom (D:4)
  6 kobold brigands
  2 gnoll sergeants
  20 bullfrogs
  7 scorpions
  6 jellies
  4 wights
  11 killer bees
  10 howler monkeys
  2 hounds
  A bombardier beetle (D:4)
  10 orc priests
  Crazy Yiuf (D:3)
  A sleepcap (D:7)
  A gnoll bouda (D:7)
  26 orc wizards
  4 hell rats (Lair:1)
  Robin (D:3)
  26 gnolls
  11 adders
  A shadow imp (D:5)
  A white imp (D:7)
  2 ufetubi (D:6)
  A ribbon worm (D:4)
  2 dart slugs (D:2)
  112 orcs
  11 endoplasms
  A giant cockroach (D:1)
  24 goblins
  16 hobgoblins
  6 quokkas
  4 ball pythons
  8 bats
  3 frilled lizards (D:3)
  2 goblin zombies (D:7)
  25 kobolds
  3 kobold skeletons (D:7)
  3 kobold zombies (D:7)
  An orc skeleton (D:7)
  An orc zombie (D:7)
  2 rats (D:1)
  A spectral orc (D:7)
710 creatures vanquished.

Vanquished Creatures (collateral kills)
  An ogre mage (Orc:2)
  6 ballistomycete spores (Orc:2)
7 creatures vanquished.

Vanquished Creatures (others)
  A gargoyle (D:13)
  A troll (Orc:1)
2 creatures vanquished.

Grand Total: 719 creatures vanquished

Notes
Turn   | Place    | Note
-------+----------+-------------------------------------------
     0 | D:1      | ProzacElf the Troll Shapeshifter began the quest for the
                  | Orb.
     0 | D:1      | Reached XP level 1. HP: 18/18 MP: 0/0
   204 | D:1      | Reached XP level 2. HP: 26/26 MP: 1/1
   686 | D:2      | Reached XP level 3. HP: 32/32 MP: 2/2
   907 | D:2      | Found Ebapsaam's Vocational Training.
   912 | D:2      | Reached skill level 4 in Unarmed Combat
   912 | D:2      | Reached XP level 4. HP: 40/40 MP: 3/3
  1515 | D:3      | Noticed a scorpion
  1522 | D:3      | Killed a scorpion
  1523 | D:3      | Reached XP level 5. HP: 46/46 MP: 4/4
  1669 | D:3      | Noticed Robin
  1712 | D:3      | Killed Robin
  1767 | D:3      | Reached skill level 5 in Unarmed Combat
  1890 | D:3      | Found a runed translucent door.
  1891 | D:3      | Noticed Crazy Yiuf
  1897 | D:3      | Killed Crazy Yiuf
  1898 | D:3      | Reached XP level 6. HP: 54/54 MP: 5/5
  2324 | D:4      | Found Qeprof's Armour Boutique.
  2374 | D:4      | Found Nimmuc's Distillery.
  2411 | D:4      | Bought a potion of curing for 30 gold pieces
  2593 | D:4      | Found Quyczul's Magic Scroll Shoppe.
  2602 | D:4      | Bought a scroll of identify for 24 gold pieces
  2602 | D:4      | Bought a scroll of teleportation for 36 gold pieces
  2616 | D:4      | Found a sacrificial altar of Ru.
  2659 | D:4      | Reached skill level 6 in Unarmed Combat
  2659 | D:4      | Reached XP level 7. HP: 55/61 MP: 6/6
  3067 | D:5      | Entered Level 5 of the Dungeon
  3454 | D:5      | Reached skill level 5 in Dodging
  3687 | D:5      | Identified the +0 pair of boots of Gilemp {Str+2}
  3692 | D:5      | Reached skill level 7 in Unarmed Combat
  3982 | D:6      | Reached XP level 8. HP: 68/68 MP: 7/7
  4001 | D:6      | Found an ancient bone altar of Kikubaaqudgha.
  4051 | D:6      | Reached skill level 8 in Unarmed Combat
  4128 | D:6      | Found Duagyfio's General Store.
  4136 | D:6      | Bought a scroll of revelation for 112 gold pieces
  4194 | D:6      | Reached skill level 9 in Unarmed Combat
  4457 | D:7      | Reached skill level 1 in Throwing
  4701 | D:7      | Noticed Pikel
  4710 | D:7      | Killed Pikel
  4711 | D:7      | Reached skill level 10 in Unarmed Combat
  4711 | D:7      | Reached XP level 9. HP: 68/75 MP: 8/8
  4718 | D:7      | Found a glowing golden altar of the Shining One.
  4946 | D:7      | Found a staircase to the Ecumenical Temple.
  4955 | Temple   | Entered the Ecumenical Temple
  4966 | Temple   | Became a worshipper of Fedhas Madash
  5044 | D:7      | Found a hazy altar of Hepliaklqana.
  5115 | D:8      | Found a flagged portal.
  5142 | Bailey   | Entered a bailey
  5244 | Bailey   | Reached * piety under Fedhas
  5321 | Bailey   | Noticed an orc knight
  5344 | Bailey   | Killed an orc knight
  5345 | Bailey   | Reached skill level 5 in Throwing
  5345 | Bailey   | Reached skill level 11 in Unarmed Combat
  5659 | D:8      | Reached XP level 10. HP: 83/83 MP: 9/9
  5660 | D:8      | Reached XP level 11. HP: 89/89 MP: 10/10
  5728 | D:8      | Reached skill level 1 in Invocations
  5746 | D:8      | Reached ** piety under Fedhas
  5841 | D:8      | Found a sparkling altar of Nemelex Xobeh.
  5844 | D:8      | Found an opulent altar of Gozag.
  6195 | D:9      | Noticed an orc sorcerer
  6195 | D:9      | Paralysed by an orc sorcerer for 3 turns
  6197 | D:9      | Noticed a deep elf zephyrmancer
  6202 | D:9      | Noticed a deep elf zephyrmancer
  6203 | D:9      | Killed an orc sorcerer
  6219 | D:9      | Killed a deep elf zephyrmancer
  6226 | D:9      | Killed a deep elf zephyrmancer
  6227 | D:9      | Reached XP level 12. HP: 67/97 MP: 11/13
  6283 | D:9      | Noticed a centaur warrior
  6303 | D:9      | Killed a centaur warrior
  6304 | D:9      | Reached skill level 12 in Unarmed Combat
  6435 | D:9      | Reached *** piety under Fedhas
  6452 | D:9      | Noticed a two-headed ogre
  6468 | D:9      | Killed a two-headed ogre
  6469 | D:9      | Reached skill level 5 in Invocations
  6678 | D:9      | Noticed a two-headed ogre
  6699 | D:9      | Killed a two-headed ogre
  6710 | D:9      | Reached skill level 13 in Unarmed Combat
  6792 | D:9      | Noticed a two-headed ogre
  6796 | D:9      | Killed a two-headed ogre
  6816 | D:9      | Found an iron altar of Okawaru.
  6903 | D:9      | Noticed a two-headed ogre
  6909 | D:9      | Killed a two-headed ogre
  7166 | D:9      | Identified the +6 chain mail of the Camelopard {rC+ Will+
                  | Regen+}
  7183 | D:9      | Identified the ring "Wedah" {Will+ Dex+6}
  7185 | D:9      | Reached **** piety under Fedhas
  7421 | D:10     | Entered Level 10 of the Dungeon
  7849 | D:10     | Identified the ring of Qecli {rElec rC+ rN+ Will- Slay+5}
  7920 | D:10     | Found a glowing silver altar of Zin.
  7929 | D:10     | Found an ornate altar of the Wu Jian Council.
  8026 | D:10     | Paralysed by a hornet for 1 turns
  8097 | D:10     | Noticed a vault guard
  8106 | D:10     | Killed a vault guard
  8112 | D:10     | Found a portal to a secret trove of treasure.
  8495 | D:11     | Noticed Psyche
  8518 | D:11     | Killed Psyche
  8609 | D:11     | Noticed Lodul
  8634 | D:11     | Reached XP level 13. HP: 69/104 MP: 17/17
  8692 | D:11     | Reached ***** piety under Fedhas
  8696 | D:11     | Killed Lodul
  8757 | D:11     | Found a staircase to the Lair.
  8768 | D:11     | Reached skill level 14 in Unarmed Combat
  9178 | Lair:1   | Entered Level 1 of the Lair of Beasts
  9199 | D:11     | Found Feokh's Serpentskin Sales.
  9228 | D:11     | Found a staircase to the Orcish Mines.
  9271 | D:11     | Noticed Erolcha
  9276 | D:11     | Killed Erolcha
  9863 | Lair:1   | Noticed Amaemon
  9875 | Lair:1   | Killed Amaemon
 10031 | Lair:1   | You fall into a shaft and drop 1 floor!
 10146 | Lair:2   | Reached skill level 15 in Unarmed Combat
 10428 | Lair:1   | Reached skill level 1 in Fighting
 10443 | Lair:1   | Noticed Grum
 10458 | Lair:1   | Killed Grum
 10645 | Lair:2   | Noticed Nergalle
 10694 | Lair:1   | Reached skill level 1 in Evocations
 10740 | Lair:2   | Killed Nergalle
 10740 | Lair:2   | Reached ****** piety under Fedhas
 10979 | Lair:2   | Reached skill level 10 in Invocations
 11220 | Lair:2   | Found a runed translucent door.
 11220 | Lair:2   | Noticed Rupert
 11428 | Lair:3   | Identified the +10 quarterstaff of Nur Luug {freeze, rCorr}
 11539 | Lair:3   | Found a staircase to the Snake Pit.
 11565 | Lair:3   | Reached XP level 14. HP: 52/120 MP: 20/20
 11907 | Lair:3   | Found a staircase to the Swamp.
 12251 | Lair:4   | Found a staircase to the Slime Pits.
 12300 | Lair:4   | Reached skill level 5 in Fighting
 13156 | Lair:4   | Reached skill level 5 in Evocations
 13240 | Lair:4   | Identified the +1 leather armour "Ziezeceu" {Int+2}
 13357 | Lair:5   | Entered Level 5 of the Lair of Beasts
 13793 | Lair:5   | Paralysed by a hornet for 1 turns
 13905 | Lair:5   | Identified the +2 hat of Too Many Cooks {*Slow Fly Slay+3}
 14584 | Lair:5   | Found a corrupted altar of Lugonu.
 14584 | Lair:5   | Found a one-way gate to the infinite horrors of the Abyss.
 14819 | Orc:1    | Entered Level 1 of the Orcish Mines
 14864 | Orc:1    | Found Takk's Book Emporium.
 14878 | Orc:1    | You fall into a shaft and drop 1 floor!
 14878 | Orc:2    | Entered Level 2 of the Orcish Mines
 14898 | Orc:2    | Found a staircase to the Elven Halls.
 15214 | Orc:2    | Found Qakiagh's Magic Scroll Emporium.
 15223 | Orc:2    | Reached XP level 15. HP: 143/143 MP: 21/21
 15297 | Orc:1    | HP: 3/143 [two-headed ogre/+0 giant club (17)]
 15546 | Orc:2    | Found Vuwk's General Store.
 15557 | Orc:2    | Found Ysetuosi's Magic Scroll Shop.
 15580 | Orc:2    | Bought a scroll of butterflies for 44 gold pieces
 15596 | Orc:2    | Found Dyem Ykhlat's Armour Emporium.
 15806 | Orc:2    | Found Zexacawn's Armour Shoppe.
 17149 | D:13     | Noticed Urug
 17160 | D:13     | Killed Urug
 17311 | D:13     | Found a gate to the Vaults.
 17326 | D:13     | HP: 3/148 [something (6)]
 17347 | D:13     | HP: 4/222 [something (10)]
 17347 | D:13     | Shot with an arrow by a centaur warrior

Illustrated notes

Levels and vault maps discovered:
D:1:      psy_arrival_whirlpool, layout_basic, grunt_decor_fettered,
          chequers_serial_rivers_large_b, minmay_misc_feat_tower
D:2:      cheibrodos_greedy_goblins, layout_basic, nicolae_shop_vocational
D:3:      layout_loops_ring, lightli_corner_chamber, uniq_robin,
          uniq_crazy_yiuf_cottage
D:4:      layout_cave_pods, amcnicky_altar_gilded, serial_shops, shop,
          nicolae_shop_advertising_works [nicolae_subvault_shop_adworks],
          nicolae_shop_crystal, serial_glass, glass_columns_a, glass_columns_a,
          glass_columns_b, glass_columns_c, glass_columns_c, glass_columns_b
D:5:      layout_basic
D:6:      layout_gridville, mainiacjoe_overflow_catwalk, serial_shops,
          nicolae_diamond_shop
D:7:      layout_cave_pools, nicolae_hepliaklqana_monster_ancestors,
          nicolae_tso_besieged_by_evil, minmay_temple_entry_mist, uniq_pikel
D:8:      layout_rooms, grunt_temple_overflow_opulence, enter_bailey_5
D:9:      minmay_the_grid_4x2 [minmay_the_grid_tri_star,
          minmay_the_grid_zigzag_pyramid, minmay_the_grid_tiny_cups,
          minmay_the_grid_spikes, minmay_the_grid_broken_lines,
          minmay_the_grid_aliased_spiral, minmay_the_grid_spin_star,
          minmay_the_grid_prize_four_corners_diamond_a], layout_basic,
          okawaru_humans
D:10:     layout_stronghold, mainiacjoe_overflow_swirl, enter_trove_5,
          grunt_decor_clamped, nicolae_the_louvre
D:11:     layout_big_octagon, grunt_lair_entry_orc_guard_hut, hiddenorc1_lemuel,
          guppyfry_shop_venom, uniq_lodul, uniq_erolcha, uniq_psyche
D:12:     layout_irregular_city
D:13:     layout_small_grid, hellmonk_vaults_attempted_burglary, special_room
          [special_room_orc], uniq_urug
Temple:   nicolae_temple_ecumenical_triangle
Lair:1:   layout_roguey, infiniplex_staircase_pool_2, lemuel_fruit_tree,
          uniq_grum, uniq_amaemon
Lair:2:   layout_loops_ring, pdpol_lair_cabin_in_the_woods, uniq_nergalle
Lair:3:   layout_chaotic_city, swamp_mist, minmay_snake_entry_six_corridors,
          grunt_megastairs_3
Lair:4:   layout_layer_cave, nicolae_slime_entry_field_trip,
          serial_bayou_shore_b
Lair:5:   hellmonk_lair_end_abyssal_woods, layout_long_grid, grunt_megastairs_4,
          uniq_rupert
Orc:1:    layout_diamond_mine, serial_shops, shop, basic_altar
Orc:2:    st_orc_open, layout_diamond_mine, serial_shops, shop,
          dreamdust_deal_with_the_devil

Skill      XL: |  1  2  3  4  5  6  7  8  9 10 11 12 13 14 15 |
---------------+----------------------------------------------+-----
Dodging        | 2 3 4 5 |  5.0
Unarmed Combat | 4 5 6 7 10 11 13 15 | 15.0
Throwing       | 4 11 | 11.0
Shapeshifting  | 8 |  8.4
Invocations    | 3 7 10 | 10.0
Fighting       | 3 7 9 |  9.5
Evocations     | 2 6 8 |  8.6

Action                     |  1- 3 |  4- 6 |  7- 9 | 10-12 | 13-15 || total
---------------------------+-------+-------+-------+-------+-------++-------
  Melee: Unarmed           |    96 |   126 |   295 |   347 |  1077 ||  1941
         Punch             |       |     1 |     9 |    20 |   136 ||   166
  Throw: Dart              |       |     2 |     5 |       |       ||     7
         Large rock        |       |       |     3 |     7 |    25 ||    35
         Javelin           |       |       |       |       |     4 ||     4
 Invoke: Overgrow          |       |       |       |       |     1 ||     1
  Evoke: Wand              |       |       |     1 |       |     7 ||     8
    Use: Scroll            |       |       |    10 |     4 |    24 ||    38
         Potion            |       |       |     3 |     2 |     5 ||    10
   Stab: Sleeping          |       |     3 |     6 |     1 |     3 ||    13
         Distracted        |       |       |       |       |     1 ||     1
 Armour: Animal skin       |    57 |    53 |   147 |    70 |       ||   327
         Troll leather arm |       |       |       |   153 |   963 ||  1116
         Skin              |       |       |       |       |     9 ||     9
  Dodge: Dodged            |    51 |    98 |   226 |   255 |   674 ||  1304

Action                     |  1- 3 |  4- 6 |  7- 9 | 10-12 | 13-15 || total
---------------------------+-------+-------+-------+-------+-------++-------
  Melee: Unarmed           |    96 |   126 |   295 |   347 |  1077 ||  1941
         Punch             |       |     1 |     9 |    20 |   136 ||   166
  Throw: Dart              |       |     2 |     5 |       |       ||     7
         Large rock        |       |       |     3 |     7 |    25 ||    35
         Javelin           |       |       |       |       |     4 ||     4
 Invoke: Overgrow          |       |       |       |       |     1 ||     1
  Evoke: Wand              |       |       |     1 |       |     7 ||     8
    Use: Scroll            |       |       |    10 |     4 |    24 ||    38
         Potion            |       |       |     3 |     2 |     5 ||    10
   Stab: Sleeping          |       |     3 |     6 |     1 |     3 ||    13
         Distracted        |       |       |       |       |     1 ||     1
 Armour: Animal skin       |    57 |    53 |   147 |    70 |       ||   327
         Troll leather arm |       |       |       |   153 |   963 ||  1116
         Skin              |       |       |       |       |     9 ||     9
  Dodge: Dodged            |    51 |    98 |   226 |   255 |   674 ||  1304

Levels and vault maps discovered:
D:1:      psy_arrival_whirlpool, layout_basic, grunt_decor_fettered,
          chequers_serial_rivers_large_b, minmay_misc_feat_tower
D:2:      cheibrodos_greedy_goblins, layout_basic, nicolae_shop_vocational
D:3:      layout_loops_ring, lightli_corner_chamber, uniq_robin,
          uniq_crazy_yiuf_cottage
D:4:      layout_cave_pods, amcnicky_altar_gilded, serial_shops, shop,
          nicolae_shop_advertising_works [nicolae_subvault_shop_adworks],
          nicolae_shop_crystal, serial_glass, glass_columns_a, glass_columns_a,
          glass_columns_b, glass_columns_c, glass_columns_c, glass_columns_b
D:5:      layout_basic
D:6:      layout_gridville, mainiacjoe_overflow_catwalk, serial_shops,
          nicolae_diamond_shop
D:7:      layout_cave_pools, nicolae_hepliaklqana_monster_ancestors,
          nicolae_tso_besieged_by_evil, minmay_temple_entry_mist, uniq_pikel
D:8:      layout_rooms, grunt_temple_overflow_opulence, enter_bailey_5
D:9:      minmay_the_grid_4x2 [minmay_the_grid_tri_star,
          minmay_the_grid_zigzag_pyramid, minmay_the_grid_tiny_cups,
          minmay_the_grid_spikes, minmay_the_grid_broken_lines,
          minmay_the_grid_aliased_spiral, minmay_the_grid_spin_star,
          minmay_the_grid_prize_four_corners_diamond_a], layout_basic,
          okawaru_humans
D:10:     layout_stronghold, mainiacjoe_overflow_swirl, enter_trove_5,
          grunt_decor_clamped, nicolae_the_louvre
D:11:     layout_big_octagon, grunt_lair_entry_orc_guard_hut, hiddenorc1_lemuel,
          guppyfry_shop_venom, uniq_lodul, uniq_erolcha, uniq_psyche
D:12:     layout_irregular_city
D:13:     layout_small_grid, hellmonk_vaults_attempted_burglary, special_room
          [special_room_orc], uniq_urug
Temple:   nicolae_temple_ecumenical_triangle
Lair:1:   layout_roguey, infiniplex_staircase_pool_2, lemuel_fruit_tree,
          uniq_grum, uniq_amaemon
Lair:2:   layout_loops_ring, pdpol_lair_cabin_in_the_woods, uniq_nergalle
Lair:3:   layout_chaotic_city, swamp_mist, minmay_snake_entry_six_corridors,
          grunt_megastairs_3
Lair:4:   layout_layer_cave, nicolae_slime_entry_field_trip,
          serial_bayou_shore_b
Lair:5:   hellmonk_lair_end_abyssal_woods, layout_long_grid, grunt_megastairs_4,
          uniq_rupert
Orc:1:    layout_diamond_mine, serial_shops, shop, basic_altar
Orc:2:    st_orc_open, layout_diamond_mine, serial_shops, shop,
          dreamdust_deal_with_the_devil
